| Goals | Penalties |
No Goal
|
Josiah Slavin (WPG) for Tripping (Minor) at 0:47
|
1. Moose , Linus Weissbach 4 (Josiah Slavin 1, Jimmy Schuldt 4) at 1:55
2. Moose , Justin Dowling 11 (Max Comtois 14, Philippe Myers 4) at 15:45
|
Noah Juulsen (SEA) for Roughing (Minor) at 2:23
|
No Goal
|
Adam Klapka (WPG) for High sticking (Double Minor) at 1:39
|
|
Erik Portillo (WPG), 40 saves from 40 shots - (1,000), W, 19-14-9, 60:00 minutes
David Rittich (SEA), 13 saves from 15 shots - (0,867), L, 33-4-2, 60:00 minutes
|
|
1 - Erik Portillo (WPG)
2 - Linus Weissbach (WPG)
3 - Justin Dowling (WPG)
|
Referees : Bill Hetherington and Chris Schlenker
Linesman : Alex Blair and Doug Krell
|
|
| No Game Note
|
| Team Name |
Goals |
Shots |
Shots Attemp |
Shots Blocked |
PIM |
HIT |
PP |
PK |
FO% |
| Moose |
2 | 15 | 31 | 9 | 6 | 22 | 0 / 1 (0%) | 0 | 29% |
| Checkers 2 |
0 | 40 | 65 | 1 | 2 | 33 | 0 / 3 (0%) | 0 | 71% |
Moose
| Player Name |
POS |
G |
A |
P |
+/- |
PIM |
HIT |
SHT |
SB |
MP |
PP MP |
PP SHT |
PK MP |
PK SHT |
FO% |
FOT |
GA |
TA |
| Aarne Talvitie | C | 0 | 0 | 0 | 1 | 0 | 1 | 1 | 0 | 11:30 | 0:00 | 0 | 0:14 | 0 | 50% |
4 | 0 | 0 |
| Adam Klapka | C/RW | 0 | 0 | 0 | 0 | 4 | 0 | 0 | 1 | 20:44 | 0:44 | 0 | 0:43 | 0 | 40% |
15 | 0 | 0 |
| Aidan McDonough | LW | 0 | 0 | 0 | 0 | 0 | 1 | 0 | 1 | 13:14 | 0:00 | 0 | 0:09 | 0 | 0% |
1 | 0 | 0 |
| Akito Hirose | D | 0 | 0 | 0 | 0 | 0 | 0 | 0 | 0 | 6:18 | 0:00 | 0 | 0:00 | 0 | 0% |
0 | 0 | 0 |
| Ben Gleason | D | 0 | 0 | 0 | 2 | 0 | 1 | 1 | 0 | 18:55 | 0:37 | 0 | 2:27 | 0 | 0% |
0 | 1 | 0 |
| Buddy Robinson | RW | 0 | 0 | 0 | 1 | 0 | 3 | 0 | 1 | 20:03 | 1:15 | 0 | 0:00 | 0 | 50% |
2 | 0 | 1 |
| Colton Dach | C | 0 | 0 | 0 | 0 | 0 | 2 | 1 | 0 | 15:43 | 0:00 | 0 | 2:01 | 1 | 0% |
6 | 1 | 0 |
| Connor Mackey | D | 0 | 0 | 0 | 0 | 0 | 2 | 0 | 0 | 11:47 | 0:00 | 0 | 0:00 | 0 | 0% |
0 | 0 | 0 |
| Darien Kielb | D | 0 | 0 | 0 | 0 | 0 | 1 | 0 | 0 | 6:40 | 0:00 | 0 | 0:00 | 0 | 0% |
0 | 0 | 0 |
| Jimmy Schuldt | D | 0 | 1 | 1 | 0 | 0 | 2 | 0 | 1 | 24:03 | 1:22 | 0 | 3:31 | 0 | 0% |
0 | 0 | 1 |
| Josiah Slavin | LW | 0 | 1 | 1 | 1 | 2 | 1 | 0 | 0 | 12:22 | 0:00 | 0 | 0:54 | 0 | 0% |
1 | 0 | 0 |
| Justin Dowling | C/LW | 1 | 0 | 1 | 1 | 0 | 1 | 6 | 0 | 22:22 | 1:15 | 0 | 3:00 | 0 | 26% |
19 | 3 | 1 |
| Linus Weissbach | LW/RW | 1 | 0 | 1 | 1 | 0 | 1 | 2 | 1 | 20:58 | 0:44 | 0 | 1:54 | 0 | 0% |
2 | 0 | 0 |
| Matt Kiersted | D | 0 | 0 | 0 | 0 | 0 | 1 | 0 | 1 | 12:09 | 0:00 | 0 | 0:00 | 0 | 0% |
0 | 0 | 1 |
| Max Comtois | LW | 0 | 1 | 1 | 1 | 0 | 2 | 3 | 1 | 22:21 | 1:15 | 0 | 3:01 | 0 | 100% |
1 | 0 | 0 |
| Philippe Myers | D | 0 | 1 | 1 | 2 | 0 | 1 | 0 | 1 | 18:14 | 0:37 | 0 | 2:27 | 0 | 0% |
0 | 0 | 0 |
| Sammy Walker | LW/RW | 0 | 0 | 0 | 0 | 0 | 1 | 0 | 0 | 12:55 | 0:44 | 0 | 0:00 | 0 | 0% |
0 | 1 | 0 |
| Simon Nemec | D | 0 | 0 | 0 | 0 | 0 | 1 | 1 | 1 | 23:42 | 1:22 | 0 | 3:31 | 0 | 0% |
0 | 1 | 1 |
Checkers 2
| Player Name |
POS |
G |
A |
P |
+/- |
PIM |
HIT |
SHT |
SB |
MP |
PP MP |
PP SHT |
PK MP |
PK SHT |
FO% |
FOT |
GA |
TA |
| Alex Galchenyuk | C/LW/RW | 0 | 0 | 0 | 0 | 0 | 2 | 3 | 0 | 16:13 | 2:26 | 0 | 0:00 | 0 | 80% |
5 | 1 | 0 |
| Brett Ritchie | RW | 0 | 0 | 0 | 0 | 0 | 2 | 6 | 0 | 18:25 | 3:10 | 1 | 0:00 | 0 | 0% |
1 | 1 | 0 |
| Cale Fleury | D | 0 | 0 | 0 | 0 | 0 | 1 | 3 | 0 | 19:17 | 3:00 | 1 | 1:21 | 0 | 0% |
0 | 0 | 1 |
| Colton White | D | 0 | 0 | 0 | -1 | 0 | 2 | 3 | 1 | 24:54 | 3:54 | 0 | 1:21 | 0 | 0% |
0 | 0 | 0 |
| Hudson Fasching | RW | 0 | 0 | 0 | -1 | 0 | 0 | 1 | 0 | 7:40 | 0:00 | 0 | 0:00 | 0 | 0% |
0 | 1 | 0 |
| Jeremy Davies | D | 0 | 0 | 0 | -1 | 0 | 0 | 0 | 0 | 19:35 | 0:15 | 0 | 0:38 | 0 | 0% |
0 | 0 | 0 |
| Joel Kiviranta | LW/RW | 0 | 0 | 0 | -1 | 0 | 2 | 4 | 0 | 17:10 | 0:07 | 0 | 0:00 | 0 | 0% |
0 | 0 | 0 |
| Laurent Dauphin | C | 0 | 0 | 0 | 0 | 0 | 3 | 3 | 0 | 19:59 | 3:10 | 1 | 1:07 | 0 | 78% |
23 | 1 | 0 |
| Milan Lucic | LW/RW | 0 | 0 | 0 | -1 | 0 | 4 | 3 | 0 | 17:43 | 0:10 | 0 | 0:00 | 0 | 0% |
0 | 0 | 0 |
| Nathan Walker | LW | 0 | 0 | 0 | -1 | 0 | 3 | 3 | 0 | 22:40 | 3:11 | 1 | 0:00 | 0 | 33% |
3 | 0 | 0 |
| Noah Juulsen | D | 0 | 0 | 0 | -1 | 2 | 6 | 1 | 0 | 27:34 | 2:54 | 0 | 0:00 | 0 | 0% |
0 | 0 | 3 |
| Ondrej Kase | RW | 0 | 0 | 0 | 0 | 0 | 0 | 3 | 0 | 13:19 | 2:38 | 1 | 0:00 | 0 | 0% |
1 | 0 | 0 |
| Sammy Blais | LW/RW | 0 | 0 | 0 | 0 | 0 | 2 | 2 | 0 | 15:16 | 0:21 | 0 | 1:07 | 0 | 0% |
1 | 0 | 0 |
| Sheldon Dries | C | 0 | 0 | 0 | -1 | 0 | 3 | 3 | 0 | 19:40 | 2:38 | 0 | 0:52 | 0 | 73% |
15 | 1 | 2 |
| Victor Mete | D | 0 | 0 | 0 | -1 | 0 | 1 | 1 | 0 | 17:59 | 0:15 | 0 | 0:00 | 0 | 0% |
0 | 0 | 1 |
| Wayne Simmonds | LW/RW | 0 | 0 | 0 | -1 | 0 | 2 | 1 | 0 | 9:17 | 0:00 | 0 | 0:52 | 0 | 100% |
2 | 0 | 0 |
| Xavier Ouellet | D | 0 | 0 | 0 | 0 | 0 | 0 | 0 | 0 | 10:05 | 1:41 | 0 | 0:38 | 0 | 0% |
0 | 0 | 0 |
| Zach Aston-Reese | LW/RW | 0 | 0 | 0 | 0 | 0 | 0 | 0 | 0 | 1:14 | 0:00 | 0 | 0:00 | 0 | 0% |
0 | 0 | 0 |
Moose
| 5 vs 5 Forward |
|---|
| Line # | Left Wing | Center | Right Wing | PHY | DF | OF | Wanted % | Time % | Time Play |
| 1 | Max Comtois | Justin Dowling | Buddy Robinson | 1 | 2 | 2 | 40 | 34% | 17:31
|
| 2 | Linus Weissbach | Adam Klapka | Sammy Walker | 1 | 2 | 2 | 30 | 28% | 14:44
|
| 3 | Aidan McDonough | Colton Dach | Adam Klapka | 1 | 2 | 2 | 20 | 20% | 10:36
|
| 4 | Josiah Slavin | Aarne Talvitie | Linus Weissbach | 1 | 2 | 2 | 10 | 18% | 9:12
|
| 5 vs 5 Defense |
|---|
| Line # | Defense | Defense | | PHY | DF | OF | Wanted % | Time % | Time Play |
| 1 | Simon Nemec | Jimmy Schuldt | | 1 | 2 | 2 | 40 | 36% | 18:49
|
| 2 | Philippe Myers | Ben Gleason | | 1 | 2 | 2 | 30 | 29% | 15:20
|
| 3 | Connor Mackey | Matt Kiersted | | 1 | 2 | 2 | 20 | 22% | 11:36
|
| 4 | Darien Kielb | Akito Hirose | | 1 | 2 | 2 | 10 | 12% | 6:18
|
| Power Play Forward |
|---|
| Line # | Left Wing | Center | Right Wing | PHY | DF | OF | Wanted % | Time % | Time Play |
| 1 | Max Comtois | Justin Dowling | Buddy Robinson | 1 | 2 | 2 | 60 | 63% | 1:15
|
| 2 | Linus Weissbach | Adam Klapka | Sammy Walker | 1 | 2 | 2 | 40 | 37% | 0:44
|
| Power Play Defense |
|---|
| Line # | Defense | Defense | | PHY | DF | OF | Wanted % | Time % | Time Play |
| 1 | Simon Nemec | Jimmy Schuldt | | 1 | 2 | 2 | 60 | 69% | 1:22
|
| 2 | Philippe Myers | Ben Gleason | | 1 | 2 | 2 | 40 | 31% | 0:37
|
| Penalty Kill 4 Players Forward |
|---|
| Line # | Center | Wing | PHY | DF | OF | Wanted % | Time % | Time Play |
| 1 | Justin Dowling | Max Comtois | 1 | 2 | 2 | 60 | 70% | 4:12
|
| 2 | Adam Klapka | Linus Weissbach | 1 | 2 | 2 | 40 | 30% | 1:46
|
| Penalty Kill 4 Players Defense |
|---|
| Line # | Defense | Defense | PHY | DF | OF | Wanted % | Time % | Time Play |
| 1 | Simon Nemec | Jimmy Schuldt | 1 | 2 | 2 | 60 | 59% | 3:31
|
| 2 | Philippe Myers | Ben Gleason | 1 | 2 | 2 | 40 | 41% | 2:27
|
| Penalty Kill 3 Players |
|---|
| Line # | Wing | PHY | DF | OF | Wanted % | Time % | Time Play | Defense | Defense | PHY | DF | OF | Wanted % | Time % | Time Play |
| 1 | Justin Dowling | 1 | 2 | 2 | 60 | 0% | 0:00
| Simon Nemec | Jimmy Schuldt | 1 | 2 | 2 | 60 | 0% | 0:00
|
| 2 | Adam Klapka | 1 | 2 | 2 | 40 | 0% | 0:00
| Philippe Myers | Ben Gleason | 1 | 2 | 2 | 40 | 0% | 0:00
|
| 4 vs 4 Forward |
|---|
| Line # | Center | Wing | PHY | DF | OF | Wanted % | Time % | Time Play |
| 1 | Justin Dowling | Max Comtois | 1 | 2 | 2 | 60 | 0% | 0:00
|
| 2 | Adam Klapka | Linus Weissbach | 1 | 2 | 2 | 40 | 0% | 0:00
|
| 4 vs 4 Defense |
|---|
| Line # | Defense | | PHY | DF | OF | Wanted % | Time % | Time Play |
| 1 | Simon Nemec | Jimmy Schuldt | 1 | 2 | 2 | 60 | 0% | 0:00
|
| 2 | Philippe Myers | Ben Gleason | 1 | 2 | 2 | 40 | 0% | 0:00
|
| Last Minutes Offensive |
|---|
| Left Wing | Center | Right Wing | Defense | Defense |
| Max Comtois | Justin Dowling | Buddy Robinson | Simon Nemec | Jimmy Schuldt |
| Last Minutes Defensive |
|---|
| Left Wing | Center | Right Wing | Defense | Defense |
| Max Comtois | Justin Dowling | Buddy Robinson | Simon Nemec | Jimmy Schuldt |
| Time |
|---|
| Total Forward | Total Defense | Last Minutes Offensive | Last Minutes Defensive |
| 60:00 |
60:00 |
0:00 | 0:00 |
| Extra Forwards |
|---|
| Normal | PowerPlay | Penalty Kill |
|
Adam Klapka, Linus Weissbach, Aidan McDonough | Adam Klapka, Linus Weissbach | Adam Klapka |
| Extra Defensemen |
|---|
| Normal | PowerPlay | Penalty Kill |
|
Matt Kiersted, Darien Kielb, Akito Hirose | Matt Kiersted, Matt Kiersted | Darien Kielb |
| Penalty Shots |
|---|
|
Max Comtois, Buddy Robinson, Justin Dowling, Sammy Walker, Adam Klapka |
| Goalie |
|---|
| Erik Portillo, Adam Scheel |
| Scratches |
|---|
|
Evan Nause (Healthy), Evan Vierling (Healthy), Gavin Brindley (Right Forearm Injury), Matthew Seminoff (Healthy), Kole Sherwood (Healthy)
Josh Dunne (Healthy), Ryan McGregor (Healthy), Tyler Angle (Healthy), Will Reilly (Healthy), Devin Cooley (Healthy)
Eetu Makiniemi (Healthy) |
Checkers 2
| 5 vs 5 Forward |
|---|
| Line # | Left Wing | Center | Right Wing | PHY | DF | OF | Wanted % | Time % | Time Play |
| 1 | Nathan Walker | Laurent Dauphin | Brett Ritchie | 0 | 2 | 3 | 40 | 28% | 14:28
|
| 2 | Milan Lucic | Sheldon Dries | Joel Kiviranta | 0 | 2 | 3 | 30 | 37% | 19:14
|
| 3 | Ondrej Kase | Alex Galchenyuk | Sammy Blais | 0 | 3 | 2 | 20 | 21% | 10:41
|
| 4 | Wayne Simmonds | Nathan Walker | Hudson Fasching | 0 | 3 | 2 | 10 | 15% | 7:40
|
| 5 vs 5 Defense |
|---|
| Line # | Defense | Defense | | PHY | DF | OF | Wanted % | Time % | Time Play |
| 1 | Noah Juulsen | Colton White | | 0 | 3 | 2 | 50 | 39% | 20:09
|
| 2 | Cale Fleury | Noah Juulsen | | 0 | 3 | 2 | 30 | 28% | 14:43
|
| 3 | Victor Mete | Jeremy Davies | | 0 | 3 | 2 | 10 | 32% | 16:37
|
| 4 | Noah Juulsen | Cale Fleury | | 0 | 3 | 2 | 10 | 1% | 0:34
|
| Power Play Forward |
|---|
| Line # | Left Wing | Center | Right Wing | PHY | DF | OF | Wanted % | Time % | Time Play |
| 1 | Nathan Walker | Laurent Dauphin | Brett Ritchie | 0 | 2 | 3 | 60 | 56% | 3:20
|
| 2 | Ondrej Kase | Sheldon Dries | Nathan Walker | 0 | 2 | 3 | 40 | 44% | 2:38
|
| Power Play Defense |
|---|
| Line # | Defense | Defense | | PHY | DF | OF | Wanted % | Time % | Time Play |
| 1 | Noah Juulsen | Colton White | | 0 | 2 | 3 | 60 | 53% | 3:09
|
| 2 | Colton White | Cale Fleury | | 0 | 2 | 3 | 40 | 47% | 2:49
|
| Penalty Kill 4 Players Forward |
|---|
| Line # | Center | Wing | PHY | DF | OF | Wanted % | Time % | Time Play |
| 1 | Laurent Dauphin | Sammy Blais | 0 | 5 | 0 | 50 | 56% | 1:07
|
| 2 | Sheldon Dries | Wayne Simmonds | 0 | 5 | 0 | 50 | 44% | 0:52
|
| Penalty Kill 4 Players Defense |
|---|
| Line # | Defense | Defense | PHY | DF | OF | Wanted % | Time % | Time Play |
| 1 | Colton White | Noah Juulsen | 1 | 3 | 1 | 60 | 100% | 1:59
|
| 2 | Cale Fleury | Jeremy Davies | 1 | 3 | 1 | 40 | 0% | 0:00
|
| Penalty Kill 3 Players |
|---|
| Line # | Wing | PHY | DF | OF | Wanted % | Time % | Time Play | Defense | Defense | PHY | DF | OF | Wanted % | Time % | Time Play |
| 1 | Wayne Simmonds | 0 | 5 | 0 | 60 | 0% | 0:00
| Noah Juulsen | Colton White | 0 | 4 | 1 | 60 | 0% | 0:00
|
| 2 | Brett Ritchie | 0 | 5 | 0 | 40 | 0% | 0:00
| Noah Juulsen | Cale Fleury | 0 | 4 | 1 | 40 | 0% | 0:00
|
| 4 vs 4 Forward |
|---|
| Line # | Center | Wing | PHY | DF | OF | Wanted % | Time % | Time Play |
| 1 | Laurent Dauphin | Brett Ritchie | 0 | 3 | 2 | 50 | 0% | 0:00
|
| 2 | Sheldon Dries | Joel Kiviranta | 0 | 3 | 2 | 50 | 0% | 0:00
|
| 4 vs 4 Defense |
|---|
| Line # | Defense | | PHY | DF | OF | Wanted % | Time % | Time Play |
| 1 | Noah Juulsen | Colton White | 0 | 3 | 2 | 60 | 0% | 0:00
|
| 2 | Colton White | Cale Fleury | 0 | 3 | 2 | 40 | 0% | 0:00
|
| Last Minutes Offensive |
|---|
| Left Wing | Center | Right Wing | Defense | Defense |
| Nathan Walker | Laurent Dauphin | Brett Ritchie | Noah Juulsen | Colton White |
| Last Minutes Defensive |
|---|
| Left Wing | Center | Right Wing | Defense | Defense |
| Wayne Simmonds | Sheldon Dries | Joel Kiviranta | Colton White | Noah Juulsen |
| Time |
|---|
| Total Forward | Total Defense | Last Minutes Offensive | Last Minutes Defensive |
| 60:00 |
60:00 |
0:00 | 0:00 |
| Extra Forwards |
|---|
| Normal | PowerPlay | Penalty Kill |
|
Laurent Dauphin, Nathan Walker, Brett Ritchie | Laurent Dauphin, Brett Ritchie | Wayne Simmonds |
| Extra Defensemen |
|---|
| Normal | PowerPlay | Penalty Kill |
|
Noah Juulsen, Colton White, Cale Fleury | Colton White, Noah Juulsen | Colton White |
| Penalty Shots |
|---|
|
Laurent Dauphin, Joel Kiviranta, Brett Ritchie, Nathan Walker, Ondrej Kase |
| Goalie |
|---|
| David Rittich, Antti Raanta |
| Scratches |
|---|
|
Gage Quinney (Healthy), Scott Harrington (Healthy), Mikhail Maltsev (Healthy), Alex Belzile (Healthy), Nate Thompson (Healthy)
Jan Mysak (Healthy), Radim Zohorna (Healthy), Patrick Guay (Healthy), Matt Murray (Healthy), Maxime Lagace (Healthy)
Zach Sawchenko (Healthy) |
Play-by-Play
1st period
0:01 of 1st period - Laurent Dauphin wins face-off versus Justin Dowling in neutral zone.
0:13 of 1st period - Icing by Colton White.
0:14 of 1st period - Laurent Dauphin wins face-off versus Adam Klapka in Checkers 2 zone.
0:18 of 1st period - Off-side.
0:19 of 1st period - Sheldon Dries wins face-off versus Adam Klapka in neutral zone.
0:30 of 1st period - Snap shot by Sheldon Dries.
0:30 of 1st period - Stopped by Erik Portillo without a rebound.
0:31 of 1st period - Alex Galchenyuk wins face-off versus Colton Dach in Moose zone.
0:34 of 1st period - Snap shot by Sammy Blais.
0:34 of 1st period - Shot Misses the Net.
0:38 of 1st period - Snap shot by Sammy Blais.
0:38 of 1st period - Shot Misses the Net.
0:40 of 1st period - Snap shot by Alex Galchenyuk.
0:40 of 1st period - Shot Blocked by Matt Kiersted.
0:42 of 1st period - Slapshot by Jeremy Davies.
0:42 of 1st period - Shot Misses the Net.
0:44 of 1st period - Slapshot by Ondrej Kase.
0:44 of 1st period - Stopped by Erik Portillo without a rebound.
0:45 of 1st period - Aarne Talvitie wins face-off versus Nathan Walker in Moose zone.
0:47 of 1st period - Minor Penalty to Josiah Slavin for Tripping.
0:48 of 1st period - Laurent Dauphin wins face-off versus Justin Dowling in Moose zone.
1:57 of 1st period - Sheldon Dries is hit by Ben Gleason and loses puck.
2:47 of 1st period - Penalty to Josiah Slavin is over, Josiah Slavin is back on ice.
2:58 of 1st period - Snap shot by Max Comtois.
2:58 of 1st period - Shot Misses the Net.
3:08 of 1st period - Backhand shot by Max Comtois.
3:08 of 1st period - Shot Hit the Post.
3:10 of 1st period - Backhand shot by Simon Nemec.
3:10 of 1st period - Stopped by David Rittich without a rebound.
3:11 of 1st period - Wayne Simmonds wins face-off versus Colton Dach in Checkers 2 zone.
3:13 of 1st period - Icing by Nathan Walker.
3:14 of 1st period - Nathan Walker wins face-off versus Adam Klapka in Checkers 2 zone.
3:14 of 1st period - Nathan Walker is hit by Matt Kiersted.
3:26 of 1st period - Snap shot by Nathan Walker.
3:26 of 1st period - Shot Blocked by Aidan McDonough.
5:00 of 1st period - Simon Nemec is hit by Sammy Blais and loses puck.
5:32 of 1st period - Snap shot by Sammy Blais.
5:32 of 1st period - Deflect By Ondrej Kase.
5:32 of 1st period - Stopped by Erik Portillo without a rebound.
5:33 of 1st period - Justin Dowling wins face-off versus Sheldon Dries in Moose zone.
5:50 of 1st period - Snap shot by Sheldon Dries.
5:50 of 1st period - Shot Misses the Net.
6:04 of 1st period - Nathan Walker is hit by Colton Dach and loses puck.
6:28 of 1st period - Snap shot by Linus Weissbach.
6:28 of 1st period - Stopped by David Rittich without a rebound.
6:29 of 1st period - Alex Galchenyuk wins face-off versus Josiah Slavin in Checkers 2 zone.
7:11 of 1st period - Wrist shot by Brett Ritchie.
7:11 of 1st period - Stopped by Erik Portillo without a rebound.
7:12 of 1st period - Sheldon Dries wins face-off versus Adam Klapka in Moose zone.
7:35 of 1st period - Laurent Dauphin is hit by Darien Kielb.
7:38 of 1st period - Off-side.
7:39 of 1st period - Justin Dowling wins face-off versus Laurent Dauphin in neutral zone.
8:05 of 1st period - Wrist shot by Justin Dowling.
8:05 of 1st period - Stopped by David Rittich with a rebound.
8:07 of 1st period - Snap shot by Max Comtois.
8:07 of 1st period - Shot Misses the Net.
8:09 of 1st period - Snap shot by Justin Dowling.
8:09 of 1st period - Stopped by David Rittich with a rebound.
8:11 of 1st period - Snap shot by Justin Dowling.
8:11 of 1st period - Stopped by David Rittich with a rebound.
8:13 of 1st period - Wrist shot by Max Comtois.
8:13 of 1st period - Shot Misses the Net.
8:15 of 1st period - Wrist shot by Justin Dowling.
8:15 of 1st period - Deflect By Max Comtois.
8:15 of 1st period - Stopped by David Rittich with a rebound.
8:27 of 1st period - Snap shot by Justin Dowling.
8:27 of 1st period - Shot Misses the Net.
8:33 of 1st period - Wrist shot by Justin Dowling.
8:33 of 1st period - Stopped by David Rittich without a rebound.
8:34 of 1st period - Adam Klapka wins face-off versus Sheldon Dries in Checkers 2 zone.
8:59 of 1st period - Noah Juulsen is hit by Colton Dach and loses puck.
9:12 of 1st period - Linus Weissbach is hit by Wayne Simmonds.
9:16 of 1st period - Slapshot by Ben Gleason.
9:16 of 1st period - Stopped by David Rittich without a rebound.
9:17 of 1st period - Wayne Simmonds wins face-off versus Aarne Talvitie in Checkers 2 zone.
9:26 of 1st period - Snap shot by Wayne Simmonds.
9:26 of 1st period - Stopped by Erik Portillo with a rebound.
9:53 of 1st period - Off-side.
9:54 of 1st period - Max Comtois wins face-off versus Alex Galchenyuk in neutral zone.
9:57 of 1st period - Snap shot by Max Comtois.
9:57 of 1st period - Shot Misses the Net.
9:59 of 1st period - Snap shot by Simon Nemec.
9:59 of 1st period - Shot Misses the Net.
10:01 of 1st period - Wrist shot by Buddy Robinson.
10:01 of 1st period - Shot Misses the Net.
10:03 of 1st period - Wrist shot by Max Comtois.
10:03 of 1st period - Stopped by David Rittich without a rebound.
10:04 of 1st period - Laurent Dauphin wins face-off versus Adam Klapka in Checkers 2 zone.
10:04 of 1st period - Laurent Dauphin is hit by Sammy Walker.
10:10 of 1st period - Linus Weissbach is hit by Noah Juulsen and loses puck.
10:40 of 1st period - Max Comtois is hit by Noah Juulsen and loses puck.
10:50 of 1st period - Off-side.
10:51 of 1st period - Alex Galchenyuk wins face-off versus Colton Dach in neutral zone.
11:02 of 1st period - Wrist shot by Ondrej Kase.
11:02 of 1st period - Shot Blocked by Philippe Myers.
11:04 of 1st period - Snap shot by Ondrej Kase.
11:04 of 1st period - Shot Blocked by Adam Klapka.
11:06 of 1st period - Slapshot by Alex Galchenyuk.
11:06 of 1st period - Stopped by Erik Portillo without a rebound.
11:07 of 1st period - Laurent Dauphin wins face-off versus Justin Dowling in Moose zone.
11:32 of 1st period - Linus Weissbach is hit by Noah Juulsen.
11:42 of 1st period - Wrist shot by Sammy Walker.
11:42 of 1st period - Shot Blocked by Colton White.
11:56 of 1st period - Ondrej Kase is hit by Max Comtois.
12:16 of 1st period - Ben Gleason is hit by Wayne Simmonds and loses puck.
12:27 of 1st period - Aarne Talvitie is hit by Nathan Walker and loses puck.
12:42 of 1st period - Linus Weissbach is hit by Milan Lucic and loses puck.
13:01 of 1st period - Max Comtois is hit by Alex Galchenyuk and loses puck.
13:40 of 1st period - Wrist shot by Sheldon Dries.
13:40 of 1st period - Shot Misses the Net.
14:36 of 1st period - Linus Weissbach is hit by Joel Kiviranta and loses puck.
14:58 of 1st period - Icing by Hudson Fasching.
14:59 of 1st period - Sheldon Dries wins face-off versus Justin Dowling in Checkers 2 zone.
14:59 of 1st period - Sheldon Dries is hit by Buddy Robinson.
15:05 of 1st period - Justin Dowling is hit by Joel Kiviranta and loses puck.
15:26 of 1st period - Connor Mackey is hit by Sheldon Dries.
15:29 of 1st period - Icing by Adam Klapka.
15:30 of 1st period - Laurent Dauphin wins face-off versus Colton Dach in Moose zone.
15:39 of 1st period - Wrist shot by Brett Ritchie.
15:39 of 1st period - Stopped by Erik Portillo with a rebound.
15:41 of 1st period - Snap shot by Brett Ritchie.
15:41 of 1st period - Stopped by Erik Portillo with a rebound.
15:43 of 1st period - Slapshot by Cale Fleury.
15:43 of 1st period - Stopped by Erik Portillo without a rebound.
15:44 of 1st period - Justin Dowling wins face-off versus Brett Ritchie in Moose zone.
15:44 of 1st period - Justin Dowling is hit by Colton White.
16:12 of 1st period - Sammy Walker is hit by Noah Juulsen and loses puck.
16:58 of 1st period - Snap shot by Justin Dowling.
16:58 of 1st period - Shot Misses the Net.
17:14 of 1st period - Jeremy Davies is hit by Simon Nemec and loses puck.
17:31 of 1st period - Philippe Myers is hit by Victor Mete and loses puck.
17:55 of 1st period - Wrist shot by Milan Lucic.
17:55 of 1st period - Shot Misses the Net.
19:10 of 1st period - Icing by Aidan McDonough.
19:11 of 1st period - Alex Galchenyuk wins face-off versus Colton Dach in Moose zone.
19:12 of 1st period - Slapshot by Sammy Blais.
19:12 of 1st period - Stopped by Erik Portillo with a rebound.
19:14 of 1st period - Slapshot by Colton White.
19:14 of 1st period - Stopped by Erik Portillo with a rebound.
19:16 of 1st period - Slapshot by Colton White.
19:16 of 1st period - Stopped by Erik Portillo with a rebound.
19:18 of 1st period - Snap shot by Joel Kiviranta.
19:18 of 1st period - Stopped by Erik Portillo with a rebound.
19:20 of 1st period - Slapshot by Noah Juulsen.
19:20 of 1st period - Stopped by Erik Portillo without a rebound.
19:21 of 1st period - Sheldon Dries wins face-off versus Linus Weissbach in Moose zone.
19:29 of 1st period - Off-side.
19:30 of 1st period - Adam Klapka wins face-off versus Laurent Dauphin in neutral zone.
19:51 of 1st period - Jimmy Schuldt is hit by Laurent Dauphin and loses puck.
Goals for this period are 0 for Moose vs 0 for Checkers 2.
Shots for this period are 9 for Moose vs 14 for Checkers 2.
2nd period
0:01 of 2nd period - Laurent Dauphin wins face-off versus Adam Klapka in neutral zone.
0:04 of 2nd period - Slapshot by Noah Juulsen.
0:04 of 2nd period - Shot Misses the Net.
0:14 of 2nd period - Snap shot by Linus Weissbach.
0:14 of 2nd period - Shot Misses the Net.
0:16 of 2nd period - Snap shot by Linus Weissbach.
0:16 of 2nd period - Shot Misses the Net.
0:26 of 2nd period - Milan Lucic is hit by Max Comtois and loses puck.
0:33 of 2nd period - Slapshot by Justin Dowling.
0:33 of 2nd period - Stopped by David Rittich without a rebound.
0:34 of 2nd period - Laurent Dauphin wins face-off versus Justin Dowling in Checkers 2 zone.
0:59 of 2nd period - Linus Weissbach is hit by Noah Juulsen and loses puck.
1:22 of 2nd period - Alex Galchenyuk is hit by Connor Mackey and loses puck.
1:37 of 2nd period - Wrist shot by Hudson Fasching.
1:37 of 2nd period - Deflect By Max Comtois.
1:37 of 2nd period - Stopped by Erik Portillo with a rebound.
1:55 of 2nd period - Wrist shot by Linus Weissbach.
1:55 of 2nd period - Goal by Linus Weissbach - Moose : 1 - Checkers 2 : 0.
1:56 of 2nd period - Adam Klapka wins face-off versus Laurent Dauphin in neutral zone.
2:12 of 2nd period - Off-side.
2:13 of 2nd period - Buddy Robinson wins face-off versus Sheldon Dries in neutral zone.
2:23 of 2nd period - Minor Penalty to Noah Juulsen for Roughing.
2:24 of 2nd period - Laurent Dauphin wins face-off versus Justin Dowling in Checkers 2 zone.
2:48 of 2nd period - Justin Dowling is hit by Laurent Dauphin and loses puck.
3:09 of 2nd period - Off-side.
3:10 of 2nd period - Adam Klapka wins face-off versus Sheldon Dries in neutral zone.
4:23 of 2nd period - Penalty to Noah Juulsen is over, Noah Juulsen is back on ice.
5:09 of 2nd period - Ondrej Kase is hit by Philippe Myers and loses puck.
5:26 of 2nd period - Slapshot by Alex Galchenyuk.
5:26 of 2nd period - Stopped by Erik Portillo with a rebound.
5:28 of 2nd period - Slapshot by Sammy Blais.
5:28 of 2nd period - Stopped by Erik Portillo with a rebound.
5:30 of 2nd period - Snap shot by Sammy Blais.
5:30 of 2nd period - Shot Misses the Net.
5:32 of 2nd period - Slapshot by Alex Galchenyuk.
5:32 of 2nd period - Stopped by Erik Portillo without a rebound.
5:33 of 2nd period - Sheldon Dries wins face-off versus Justin Dowling in Moose zone.
5:49 of 2nd period - Slapshot by Joel Kiviranta.
5:49 of 2nd period - Stopped by Erik Portillo without a rebound.
5:50 of 2nd period - Laurent Dauphin wins face-off versus Adam Klapka in Moose zone.
6:53 of 2nd period - Icing by Aidan McDonough.
6:54 of 2nd period - Aarne Talvitie wins face-off versus Ondrej Kase in Moose zone.
7:53 of 2nd period - Jimmy Schuldt is hit by Milan Lucic and loses puck.
8:20 of 2nd period - Simon Nemec is hit by Cale Fleury.
8:30 of 2nd period - Snap shot by Linus Weissbach.
8:30 of 2nd period - Deflect By Aarne Talvitie.
8:30 of 2nd period - Shot Misses the Net.
8:30 of 2nd period - Puck is out of play.
8:31 of 2nd period - Laurent Dauphin wins face-off versus Linus Weissbach in Checkers 2 zone.
8:38 of 2nd period - Snap shot by Aarne Talvitie.
8:38 of 2nd period - Stopped by David Rittich with a rebound.
8:49 of 2nd period - Off-side.
8:50 of 2nd period - Sheldon Dries wins face-off versus Buddy Robinson in neutral zone.
9:14 of 2nd period - Max Comtois is hit by Sheldon Dries and loses puck.
9:29 of 2nd period - Wrist shot by Sheldon Dries.
9:29 of 2nd period - Shot Misses the Net.
9:31 of 2nd period - Slapshot by Noah Juulsen.
9:31 of 2nd period - Shot Blocked by Max Comtois.
9:55 of 2nd period - Snap shot by Joel Kiviranta.
9:55 of 2nd period - Stopped by Erik Portillo with a rebound.
9:57 of 2nd period - Slapshot by Colton White.
9:57 of 2nd period - Stopped by Erik Portillo without a rebound.
9:58 of 2nd period - Laurent Dauphin wins face-off versus Adam Klapka in Moose zone.
9:59 of 2nd period - Wrist shot by Nathan Walker.
9:59 of 2nd period - Stopped by Erik Portillo with a rebound.
10:01 of 2nd period - Snap shot by Nathan Walker.
10:01 of 2nd period - Stopped by Erik Portillo with a rebound.
10:03 of 2nd period - Slapshot by Victor Mete.
10:03 of 2nd period - Deflect By Adam Klapka.
10:03 of 2nd period - Stopped by Erik Portillo with a rebound.
10:05 of 2nd period - Snap shot by Brett Ritchie.
10:05 of 2nd period - Stopped by Erik Portillo with a rebound.
10:07 of 2nd period - Wrist shot by Jeremy Davies.
10:07 of 2nd period - Shot Misses the Net.
10:09 of 2nd period - Slapshot by Laurent Dauphin.
10:09 of 2nd period - Deflect By Nathan Walker.
10:09 of 2nd period - Shot Blocked by Linus Weissbach.
10:09 of 2nd period - Puck is out of play.
10:10 of 2nd period - Adam Klapka wins face-off versus Laurent Dauphin in Moose zone.
10:52 of 2nd period - Jeremy Davies is hit by Josiah Slavin and loses puck.
13:22 of 2nd period - Backhand shot by Sheldon Dries.
13:22 of 2nd period - Stopped by Erik Portillo without a rebound.
13:23 of 2nd period - Sheldon Dries wins face-off versus Justin Dowling in Moose zone.
13:34 of 2nd period - Sheldon Dries is hit by Justin Dowling and loses puck.
14:13 of 2nd period - Wrist shot by Linus Weissbach.
14:13 of 2nd period - Shot Misses the Net.
15:07 of 2nd period - Snap shot by Milan Lucic.
15:07 of 2nd period - Stopped by Erik Portillo with a rebound.
15:09 of 2nd period - Wrist shot by Milan Lucic.
15:09 of 2nd period - Stopped by Erik Portillo without a rebound.
15:10 of 2nd period - Sheldon Dries wins face-off versus Justin Dowling in Moose zone.
15:15 of 2nd period - Snap shot by Milan Lucic.
15:15 of 2nd period - Stopped by Erik Portillo with a rebound.
15:18 of 2nd period - Icing by Justin Dowling.
15:19 of 2nd period - Laurent Dauphin wins face-off versus Justin Dowling in Moose zone.
15:32 of 2nd period - Ben Gleason is hit by Noah Juulsen and loses puck.
15:45 of 2nd period - Slapshot by Justin Dowling.
15:45 of 2nd period - Goal by Justin Dowling - Moose : 2 - Checkers 2 : 0.
15:46 of 2nd period - Adam Klapka wins face-off versus Nathan Walker in neutral zone.
15:46 of 2nd period - Adam Klapka is hit by Brett Ritchie.
15:50 of 2nd period - Colton White is hit by Jimmy Schuldt and loses puck.
16:14 of 2nd period - Max Comtois is hit by Milan Lucic and loses puck.
16:21 of 2nd period - Wrist shot by Simon Nemec.
16:21 of 2nd period - Shot Misses the Net.
16:23 of 2nd period - Slapshot by Jimmy Schuldt.
16:23 of 2nd period - Shot Misses the Net.
16:25 of 2nd period - Snap shot by Max Comtois.
16:25 of 2nd period - Stopped by David Rittich with a rebound.
16:54 of 2nd period - Noah Juulsen is hit by Connor Mackey.
16:58 of 2nd period - Snap shot by Milan Lucic.
16:58 of 2nd period - Shot Misses the Net.
17:16 of 2nd period - Wrist shot by Sheldon Dries.
17:16 of 2nd period - Deflect By Milan Lucic.
17:16 of 2nd period - Shot Misses the Net.
17:16 of 2nd period - Puck is out of play.
17:17 of 2nd period - Justin Dowling wins face-off versus Laurent Dauphin in Moose zone.
17:49 of 2nd period - Jeremy Davies is hit by Aarne Talvitie and loses puck.
18:12 of 2nd period - Wrist shot by Wayne Simmonds.
18:12 of 2nd period - Shot Blocked by Simon Nemec.
18:42 of 2nd period - Jimmy Schuldt is hit by Alex Galchenyuk and loses puck.
19:56 of 2nd period - Jeremy Davies is hit by Aidan McDonough and loses puck.
Goals for this period are 2 for Moose vs 0 for Checkers 2.
Shots for this period are 5 for Moose vs 15 for Checkers 2.
3rd period
0:01 of 3rd period - Laurent Dauphin wins face-off versus Adam Klapka in neutral zone.
0:16 of 3rd period - Wrist shot by Laurent Dauphin.
0:16 of 3rd period - Stopped by Erik Portillo without a rebound.
0:17 of 3rd period - Sheldon Dries wins face-off versus Justin Dowling in Moose zone.
0:26 of 3rd period - Milan Lucic is hit by Buddy Robinson and loses puck.
0:55 of 3rd period - Wrist shot by Joel Kiviranta.
0:55 of 3rd period - Stopped by Erik Portillo with a rebound.
0:57 of 3rd period - Wrist shot by Sheldon Dries.
0:57 of 3rd period - Shot Misses the Net.
0:59 of 3rd period - Wrist shot by Sheldon Dries.
0:59 of 3rd period - Stopped by Erik Portillo without a rebound.
1:00 of 3rd period - Laurent Dauphin wins face-off versus Justin Dowling in Moose zone.
1:01 of 3rd period - Snap shot by Brett Ritchie.
1:01 of 3rd period - Shot Misses the Net.
1:03 of 3rd period - Wrist shot by Nathan Walker.
1:03 of 3rd period - Shot Misses the Net.
1:05 of 3rd period - Slapshot by Laurent Dauphin.
1:05 of 3rd period - Stopped by Erik Portillo with a rebound.
1:07 of 3rd period - Snap shot by Nathan Walker.
1:07 of 3rd period - Deflect By Brett Ritchie.
1:07 of 3rd period - Stopped by Erik Portillo without a rebound.
1:08 of 3rd period - Laurent Dauphin wins face-off versus Justin Dowling in Moose zone.
1:15 of 3rd period - Snap shot by Laurent Dauphin.
1:15 of 3rd period - Shot Blocked by Buddy Robinson.
1:17 of 3rd period - Wrist shot by Nathan Walker.
1:17 of 3rd period - Shot Blocked by Jimmy Schuldt.
1:37 of 3rd period - Slapshot by Cale Fleury.
1:37 of 3rd period - Deflect By Linus Weissbach.
1:37 of 3rd period - Stopped by Erik Portillo with a rebound.
1:39 of 3rd period - Double Minor Penalty to Adam Klapka for High sticking.
1:40 of 3rd period - Laurent Dauphin wins face-off versus Justin Dowling in Moose zone.
2:14 of 3rd period - Max Comtois is hit by Colton White and loses puck.
2:39 of 3rd period - Wrist shot by Colton Dach.
2:39 of 3rd period - Stopped by David Rittich without a rebound.
2:40 of 3rd period - Sheldon Dries wins face-off versus Colton Dach in Checkers 2 zone.
3:06 of 3rd period - Simon Nemec is hit by Nathan Walker and loses puck.
3:26 of 3rd period - Snap shot by Nathan Walker.
3:26 of 3rd period - Stopped by Erik Portillo with a rebound.
3:48 of 3rd period - Snap shot by Brett Ritchie.
3:48 of 3rd period - Stopped by Erik Portillo with a rebound.
3:50 of 3rd period - Slapshot by Laurent Dauphin.
3:50 of 3rd period - Stopped by Erik Portillo with a rebound.
3:52 of 3rd period - Slapshot by Nathan Walker.
3:52 of 3rd period - Shot Misses the Net.
4:23 of 3rd period - Wrist shot by Cale Fleury.
4:23 of 3rd period - Stopped by Erik Portillo without a rebound.
4:24 of 3rd period - Sheldon Dries wins face-off versus Aarne Talvitie in Moose zone.
5:17 of 3rd period - Wrist shot by Ondrej Kase.
5:17 of 3rd period - Stopped by Erik Portillo with a rebound.
5:26 of 3rd period - Icing by Ondrej Kase.
5:27 of 3rd period - Justin Dowling wins face-off versus Sammy Blais in Checkers 2 zone.
5:39 of 3rd period - Penalty to Adam Klapka is over, Adam Klapka is back on ice.
5:56 of 3rd period - Linus Weissbach is hit by Milan Lucic and loses puck.
9:49 of 3rd period - Colton Dach is hit by Nathan Walker and loses puck.
10:00 of 3rd period - Philippe Myers is hit by Sammy Blais.
10:53 of 3rd period - Matt Kiersted is hit by Sheldon Dries and loses puck.
12:57 of 3rd period - Noah Juulsen is hit by Buddy Robinson and loses puck.
14:40 of 3rd period - Max Comtois is hit by Laurent Dauphin and loses puck.
15:22 of 3rd period - Adam Klapka is hit by Brett Ritchie and loses puck.
18:03 of 3rd period - Milan Lucic is hit by Jimmy Schuldt and loses puck.
18:42 of 3rd period - Icing by Nathan Walker.
18:43 of 3rd period - Laurent Dauphin wins face-off versus Aidan McDonough in Checkers 2 zone.
19:51 of 3rd period - Colton White is hit by Linus Weissbach and loses puck.
Goals for this period are 0 for Moose vs 0 for Checkers 2.
Shots for this period are 1 for Moose vs 11 for Checkers 2.